 Dungeon Crawl Stone Soup version 0.15.1-2-g8fbdab7 (webtiles) character file.

399 Johnny the Chiller (level 6, -1/48 HPs)
             Began as a Demigod Ice Elementalist on Oct 1, 2014.
             Killed by miscasting Summon Ice Beast (11 damage)
             ... on Level 4 of the Dungeon.
             The game lasted 00:12:27 (3793 turns).

Johnny the Chiller (Demigod Ice Elementalist)       Turns: 3793, Time: 00:12:27

HP  -1/48        AC  4     Str 12      XL: 6   Next: 28%
MP   5/16        EV 13     Int 22      God:
Gold 138         SH  0     Dex 21      Spells:  2 memorised,  6 levels left

rFire  . . .     SeeInvis .     d - +0 dagger
rCold  . . .     Clarity  +     r - +0 leather armour
rNeg   . . .     rCorr    .     (no shield)
rPois  .         rRot     .     (no helmet)
rElec  .         Spirit   .     (no cloak)
SustAb .         Warding  .     (no gloves)
rMut   .         Stasis   .     j - +0 pair of boots
Gourm  .                        g - amulet of clarity
MR     +....                    a - +4 ring of dexterity
                                k - ring of protection from magic

@: very slightly contaminated, somewhat resistant to hostile enchantments,
unstealthy
A: no striking features
a: no special abilities


You were on level 4 of the Dungeon.
You were very hungry.

You visited 1 branch of the dungeon, and saw 4 of its levels.

You collected 166 gold pieces.
You spent 28 gold pieces at shops.

Inventory:

Hand weapons
 d - a +0 dagger (weapon)
Armour
 j - a +0 pair of boots (worn)
 r - a +0 leather armour (worn)
Comestibles
 c - 3 bread rations
 l - 2 meat rations
 t - a slice of pizza
 H - a beef jerky
Scrolls
 e - 2 scrolls of enchant weapon
 h - a scroll of magic mapping
 m - 2 scrolls of amnesia
 o - a scroll of enchant armour
 x - 3 scrolls of fear
 y - a scroll of remove curse
 D - a scroll of recharging
 E - a scroll of random uselessness {unknown}
 G - a scroll of noise {unknown}
 I - a scroll of teleportation {unknown}
Jewellery
 a - a +4 ring of dexterity (right hand)
 g - an amulet of clarity (around neck)
 k - a ring of protection from magic (left hand)
 p - an uncursed ring of ice
 u - an uncursed amulet of warding
 v - an uncursed ring of protection from magic
 A - an uncursed ring of stealth
Potions
 f - a potion of beneficial mutation {unknown}
 i - 4 potions of curing
 n - a potion of heal wounds {unknown}
 q - 3 potions of poison {unknown}
 s - a potion of lignification {unknown}
 w - 2 potions of agility {unknown}
 z - a potion of haste {unknown}
 B - a potion of cancellation {unknown}
 C - a potion of resistance {unknown}
 F - a potion of magic {unknown}
Books
 b - a book of Frost

   Spells                             Type                      Level
   *Freeze                            Ice                          1
   Throw Frost                        Conjuration/Ice              2
   Ozocubu's Armour                   Charms/Ice                   3
   Throw Icicle                       Conjuration/Ice              4
   *Summon Ice Beast                  Ice/Summoning                4
   Condensation Shield                Ice                          4


   Skills:
 + Level 1.6 Fighting
 + Level 1.8 Armour
 * Level 3.0 Dodging
 + Level 2.8 Stealth
 * Level 3.0 Spellcasting
   Level 0.8 Conjurations
 * Level 0.8 Summonings
 * Level 4.0 Ice Magic


You had 6 spell levels left.
You knew the following spells:

 Your Spells              Type           Power        Failure   Level  Hunger
a - Freeze                Ice            ###.         2%          1    None
b - Summon Ice Beast      Ice/Summ       ##......     50%         4    ####...


Dungeon Overview and Level Annotations

Branches:
Dungeon (4/15)             Temple (0/1) D:4

Shops:
D:4 !


Message History

The phantom barely misses you.
Your ice beast barely misses the phantom.
You hit the phantom.
The phantom is severely damaged.
Your ice beast disappears in a puff of smoke!
The phantom closely misses you.
You hit the phantom.
The phantom is severely damaged.
The phantom hits you.
The phantom blinks!
Casting: Freeze
Confirm with . or Enter, or press ? or * to list all spells.
You miscast Summon Ice Beast.
You are very lightly contaminated with residual magic.
You are caught in an explosion of ice and frost!
The explosion engulfs you!
* * * LOW HITPOINT WARNING * * *
Casting: Summon Ice Beast
Confirm with . or Enter, or press ? or * to list all spells.
You miscast Summon Ice Beast.
Heat is drained from your body.
You die...

####......##
##.# ##..# #...
###....# #.#
#..# #...
#....# #W# #..#
#... #..#.# #.#
#..## ###...
#.##..# #.#
##..####.....
#.###.# #.##
#.[....####.
#.. .# #..#
#.....## ## #..
.# #..#
##....## # .. #
#.@# ##..##.##
.
#..###..####.##
#..###..## ##.#
#.## #..# ###
## #..# ##.#
#.# ###


You could see a phantom.

Vanquished Creatures
  A scorpion (D:4)
  A quasit (D:4)
  A hound (D:4)
  An orc priest (D:3)
  2 worker ants (D:4)
  9 adders
  A worm (D:2)
  2 giant geckos
  13 orcs
  13 bats
  9 giant cockroaches
  11 hobgoblins
  2 jackals (D:2)
  4 kobolds
  4 giant newts
  19 goblins
  9 rats
102 creatures vanquished.

Vanquished Creatures (collateral kills)
  An orc priest (D:4)
  An orc (D:4)
2 creatures vanquished.

Grand Total: 104 creatures vanquished

Notes
Turn   | Place    | Note
--------------------------------------------------------------
     0 | D:1      | Johnny, the Demigod Ice Elementalist, began the quest for the Orb.
     0 | D:1      | Reached XP level 1. HP: 14/14 MP: 3/3
   279 | D:1      | Reached XP level 2. HP: 5/20 MP: 1/4
   279 | D:1      | HP: 1/20 [hobgoblin/club (5)]
   794 | D:2      | Found a shimmering altar of Xom.
   982 | D:2      | Reached XP level 3. HP: 22/27 MP: 8/8
  1020 | D:2      | Reached skill level 3 in Ice Magic
  1050 | D:2      | Reached skill level 1 in Fighting
  1821 | D:3      | Found a bloodstained altar of Trog.
  2002 | D:3      | Reached XP level 4. HP: 35/35 MP: 9/11
  2010 | D:3      | Learned a level 4 spell: Summon Ice Beast
  2285 | D:3      | Reached skill level 1 in Armour
  2681 | D:4      | Found Enuihap's Distillery.
  2724 | D:4      | Bought a potion of curing for 28 gold pieces
  2773 | D:4      | Reached XP level 5. HP: 40/40 MP: 12/12
  3079 | D:4      | Reached skill level 4 in Ice Magic
  3079 | D:4      | Reached XP level 6. HP: 45/47 MP: 5/15
  3406 | D:4      | Found a staircase to the Ecumenical Temple.
  3413 | D:4      | Noticed a phantom
  3651 | D:4      | Found a shattered altar of Ashenzari.
  3651 | D:4      | Found a stormy altar of Qazlal.
  3793 | D:4      | Killed by miscasting Summon Ice Beast

Action                   |  1- 3 |  4- 6 || total
-------------------------+-------+-------++-------
Melee: Dagger            |   114 |   113 ||   227
       Unarmed           |    10 |       ||    10
 Cast: Freeze            |    60 |   101 ||   161
       Summon Ice Beast  |       |     4 ||     4
  Use: Scroll            |       |    10 ||    10
       Potion            |       |     1 ||     1
 Stab: Sleeping          |       |     4 ||     4
  Eat: Chunk             |     3 |     7 ||    10
